 Dungeon Crawl Stone Soup version 0.28-a0-664-gc179e30c89 (webtiles) character file.

Game seed: 10966852214388864789

359 lawman0 the Magician (level 6, 0/42 HPs)
             Began as a Demonspawn Hedge Wizard on Oct 15, 2021.
             Slain by a scorpion (3 damage)
             ... on level 5 of the Dungeon.
             The game lasted 00:05:02 (3973 turns).

lawman0 the Magician (Demonspawn Hedge Wizard)      Turns: 3973, Time: 00:05:03

Health: 0/42       AC:  3    Str:  7 (10) XL:     6   Next: 37%
Magic:  14/14      EV: 12    Int: 15 (18) God:
Gold:   155        SH:  4    Dex: 10 (12) Spells: 9/16 levels left

rFire   + . .      SeeInvis .   d - +0 trident
rCold   . . .      Faith    .   (no shield)
rNeg    . . .      Spirit   .   b - +0 robe
rPois   .          Reflect  .   c - +0 hat
rElec   .          Harm     .   (no cloak)
rCorr   .          Rampage  .   h - +0 pair of gloves
Will    .....                   (no boots)
Stlth   ++........              (no amulet)
HPRegen 0.14/turn               e - ring of protection from fire
MPRegen 0.14/turn               (no ring)

@: brilliant, lethally poisoned (0 -> -4), flying
A: large bone plates 1, spiny 1
a: no special abilities


You were on level 5 of the Dungeon.
You visited 1 branch of the dungeon, and saw 5 of its levels.

You collected 155 gold pieces.

Inventory:

Hand Weapons
 d - a +0 trident (weapon)
Armour
 b - a +0 robe (worn)
 c - a +0 hat (worn)
 h - a +0 pair of gloves (worn)
Jewellery
 e - a ring of protection from fire (left hand)
Scrolls
 f - a scroll of brand weapon
 p - a scroll of teleportation
 q - a scroll of blinking
Potions
 a - 2 potions of degeneration
 g - a potion of heal wounds
 i - a potion of haste {unknown}
 k - a potion of lignification {unknown}
 l - a potion of brilliance
 m - a potion of flight
 n - a potion of might {unknown}
 o - a potion of berserk rage {unknown}


   Skills:
 + Level 0.5 Fighting
 + Level 2.4 Dodging
 + Level 2.6 Stealth
 + Level 0.2 Shields
 + Level 5.5 Spellcasting
 + Level 2.2 Conjurations
 + Level 1.8 Summonings
 + Level 0.8 Translocations


You had 9 spell levels left.
You knew the following spells:

 Your Spells              Type           Power      Damage    Failure   Level
a - Magic Dart            Conj           64%        1d6       6%          1
b - Call Imp              Summ           14%        N/A       11%         2
c - Blink                 Tloc           N/A        N/A       16%         2
d - Slow                  Hex            6%         N/A       24%         2

Your spell library contained the following spells:

 Spells                   Type           Power      Damage    Failure   Level
 Conjure Flame            Conj/Fire      11%        6-21      28%         3
 Mephitic Cloud           Conj/Pois/Air  9%         N/A       34%         3


Dungeon Overview and Level Annotations

Branches:
Dungeon (5/15)
 Temple: D:4-7

Altars:

Annotations:
D:3 Grinder


Innate Abilities, Weirdness & Mutations

You are partially covered in large bone plates. (SH +4)
You are partially covered in sharp spines.


Message History

The hound is severely wounded.
You block the hound's attack. The hound is struck by your spines.
The hound closely misses you.
Your iron imp barely misses the hound.
The scorpion stings you!
You closely miss the hound.
The hound is severely wounded.
The hound is struck by your spines. The hound bites you. x2
Your iron imp misses the hound.
The scorpion is struck by your spines. The scorpion stings you.
You are poisoned.
The scorpion poisons you!
Unknown command.
You feel very sick. The hound bites you but does no damage.
Your iron imp closely misses the hound.
The hound closely misses you.
It was a potion of degeneration.
There was something very wrong with that liquid.
You feel weakened.
You feel dopey.
You feel clumsy.
You feel very sick. You block the scorpion's attack. The hound bites you.
* * * LOW HITPOINT WARNING * * *
Your iron imp completely misses the hound.
A gnoll comes into view. It is wielding a +0 spear.
The gnoll hits your iron imp with a +0 club.
You block the scorpion's attack.
It was a potion of brilliance.
You feel clever all of a sudden.
You feel sick. The hound misses you.
A gnoll comes into view. It is wielding a +0 flail.
The scorpion is struck by your spines. The scorpion stings you.
* * * LOW HITPOINT WARNING * * *
The gnoll hits your iron imp but does no damage.
The hound is struck by your spines.
You kill the hound!
Your iron imp closely misses the scorpion.
It was a potion of flight.
You feel very buoyant.
You fly up into the air.
* * * LOW HITPOINT WARNING * * *
You feel sick. The scorpion stings you.
You die...

.......#.........
#...........g.g.##
#..... #..........
#....# #..........
#.... #.......... #
#...# #...g......
#...##...####..5......#
..............s@......#
..#..#.#.#.##.<......##
# #.#######........# ..
###....... ... o......
.... ....... .....
.#..... .....o ####...
#.


You could see a scorpion (ally target), 3 gnolls, an orc and a friendly iron imp
(summoned).

Vanquished Creatures
  An ogre (D:4)
  3 hounds
  2 adders
  2 dart slugs
  3 orcs (D:4)
  5 ball pythons
  5 endoplasms
  2 giant cockroaches
  6 goblins
  5 hobgoblins
  4 jackals
  3 quokkas
  7 bats
  A frilled lizard (D:2)
  6 kobolds
  4 rats
59 creatures vanquished.

Vanquished Creatures (collateral kills)
  3 iguanas (D:4)
  2 adders
  An adder skeleton (D:4)
  An orc (D:4)
  A hobgoblin (D:4)
  A kobold (D:3)
9 creatures vanquished.

Grand Total: 68 creatures vanquished

Notes
Turn   | Place    | Note
-------+----------+-------------------------------------------
     0 | D:1      | lawman0 the Demonspawn Hedge Wizard began the quest for the
                  | Orb.
     0 | D:1      | Reached XP level 1. HP: 13/13 MP: 4/4
   519 | D:1      | Gained mutation: You are partially covered in large bone
                  | plates. (SH +4) [demonic ancestry]
   519 | D:1      | Reached XP level 2. HP: 17/19 MP: 0/6
   829 | D:1      | Learned a level 2 spell: Call Imp
   832 | D:1      | Learned a level 2 spell: Blink
   835 | D:1      | Learned a level 2 spell: Slow
   968 | D:1      | Found a faded altar of an unknown god.
  1414 | D:2      | Reached XP level 3. HP: 24/24 MP: 4/8
  1667 | D:2      | Reached skill level 4 in Spellcasting
  2565 | D:3      | Reached XP level 4. HP: 20/30 MP: 1/10
  2837 | D:3      | Noticed Grinder
  3265 | D:4      | Noticed an ogre
  3272 | D:4      | Killed an ogre
  3273 | D:4      | Reached XP level 5. HP: 36/36 MP: 7/12
  3327 | D:4      | Reached skill level 5 in Spellcasting
  3473 | D:4      | Gained mutation: You are partially covered in sharp spines.
                  | [demonic ancestry]
  3473 | D:4      | Reached XP level 6. HP: 42/42 MP: 11/13
  3473 | D:4      | Cool
  3924 | D:5      | Entered Level 5 of the Dungeon
  3973 | D:5      | Slain by a scorpion

Illustrated notes

####....#......##.....
###....#.#....###...#
###....................
###...#................#.
#......##............##..
##..##..#^#..........#.#..
.........#.##......##.#...
..........##.#....#.##....
.........@#.#.#..#.#.#....
...........#.##.. #.#.....
............# .. #......
.............. ..........
............... ..........
............##....##......
..........#. #..##.#.....
#......)#.#. ..#.#.#....
.#.##....


Turn 3473 on D:4: Cool

Levels and vault maps discovered:
D:1:      dpeg_arrival_water_temple_mockup, layout_loops_ring,
          ebering_ecumenical_altar_webs, serial_park_tiny_1,
          hangedman_decor_slide_cut
D:2:      wander_river, layout_basic, grunt_decor_resistance,
          kennysheep_generic_room_13
D:3:      layout_basic, uniq_grinder
D:4:      layout_cave_pools, minmay_misc_feat_secret_circle
D:5:      layout_cave_pools, serial_gnoll_camp, grums_kennel,
          gnoll_camp_mini_shop, gnoll_camp_mini_loothouse,
          gnoll_camp_huts_basic, gnoll_camp_mini_hut, corexii_checkpoint_b,
          guppyfry_early_orc_mine, uniq_sigmund

Skill      XL: |  1  2  3  4  5 |
---------------+----------------+-----
Dodging        | 2 |  2.4
Stealth        | 2 |  2.6
Spellcasting   | 4 5 |  5.5
Conjurations   | 2 |  2.2
Fighting       | |  0.5
Shields        | |  0.2
Summonings     | |  1.8
Translocations | |  0.8

Action                   |  1- 3 |  4- 6 || total
-------------------------+-------+-------++-------
Melee: Trident           |    35 |    46 ||    81
 Cast: Magic Dart        |    88 |    25 ||   113
       Call Imp          |     1 |    12 ||    13
       Blink             |       |     1 ||     1
  Use: Scroll            |       |     4 ||     4
       Potion            |       |     3 ||     3
 Stab: Sleeping          |     2 |     1 ||     3
Armor: Robe              |     9 |    16 ||    25
Dodge: Dodged            |    34 |    22 ||    56
Block: Other             |    11 |    13 ||    24

Table legend: (Time is in decaauts)
 A = Elapsed time spent in this place.
 B = Non-inter-level travel time spent in this place.
 C = Inter-level travel time spent in this place.
 D = Time resting spent in this place.
 E = Time spent auto-exploring this place.
 F = Levels seen in this place.
 G = Mean time per level.
                   A        B        C        D        E       F      G
               +--------+--------+--------+--------+--------+-----+--------+
         Total |   4023 |   3884 |    139 |    852 |   2536 |   5 |  804.6 |
       Dungeon |   4023 |   3884 |    139 |    852 |   2536 |   5 |  804.6 |
               +--------+--------+--------+--------+--------+-----+--------+

Top non-repeatable levels by time:
     D:1: 1346 daAuts
     D:2: 1148 daAuts
     D:3: 809 daAuts
     D:4: 686 daAuts
     D:5: 32 daAuts
